 Dungeon Crawl Stone Soup version 0.27.1 (webtiles) character file.

Game seed: 16731550466450700377

67 ZARRMARR the Insei (level 4, 0/28 HPs)
             Began as an Octopode Transmuter on Sept 1, 2021.
             Slain by a jackal (3 damage)
             ... on level 3 of the Dungeon.
             The game lasted 00:07:57 (2683 turns).

ZARRMARR the Insei (Octopode Transmuter)            Turns: 2683, Time: 00:07:59

Health: 0/28       AC:  1    Str:  9    XL:     4   Next: 16%
Magic:  6/7        EV: 13    Int: 16    God:
Gold:   139        SH:  0    Dex: 12    Spells: 6/7 levels left

rFire    . . .     SeeInvis .     - Unarmed
rCold    . . .     Faith    .   (no shield)
rNeg     . . .     Spirit   .   (helmet currently unavailable)
rPois    .         Reflect  .   (no amulet)
rElec    .         Harm     .   (no ring)
rCorr    .         Rampage  .   (no ring)
Will     .....                  (no ring)
Stlth    +++.......             (no ring)
HPRegen  0.09/turn              (no ring)
MPRegen  0.10/turn              (no ring)
                                (no ring)
                                (no ring)

@: appendages
A: tentacle spike 3, almost no armour, amphibious, 8 rings, camouflage 1,
gelatinous body 1, (nimble swimmer 1), tentacles
a: End Transformation


You were on level 3 of the Dungeon.
One of your tentacles had grown a beastly spike.
You visited 1 branch of the dungeon, and saw 3 of its levels.

You collected 139 gold pieces.

Inventory:

Jewellery
 g - a ring of flight
Scrolls
 d - a scroll of enchant weapon {unknown}
 e - 2 scrolls of vulnerability {unknown}
 h - a scroll of amnesia {unknown}
 i - a scroll of fog {unknown}
Potions
 a - 3 potions of curing {unknown}
 b - a potion of haste {unknown}
 c - a potion of might {unknown}
 f - a potion of lignification {unknown}


   Skills:
 + Level 1.1 Fighting
 * Level 2.9 Dodging
 + Level 1.8 Stealth
 + Level 4.0 Unarmed Combat
 - Level 2.0 Spellcasting
 - Level 2.0 Transmutations


You had 6 spell levels left.
You knew the following spells:

 Your Spells              Type           Power      Damage    Failure   Level
a - Beastly Appendage     Tmut           16%        N/A       9%          1

Your spell library contained the following spells:

 Spells                   Type           Power      Damage    Failure   Level
 Wereblood                Tmut           8%         N/A       14%         2
 Spider Form              Tmut/Pois      2%         N/A       38%         3
 Ice Form                 Ice/Tmut       4%         N/A       80%         4


Dungeon Overview and Level Annotations

Branches:
Dungeon (3/15)

Altars:


Innate Abilities, Weirdness & Mutations

One of your tentacles has grown a beastly spike.
You cannot wear most types of armour.
You are amphibious.
You can wear up to eight rings at the same time.
Your skin changes colour to match your surroundings (Stealth+).
Your rubbery body absorbs attacks. (AC +1, EV +1)
((You are camouflaged near water. (Stealth+)))
You have tentacles for arms and can constrict up to eight enemies at once.


Message History

You closely miss the jackal. Your grab misses the jackal.
Your tentacle spike misses the jackal.
The bat closely misses you. x2
The jackal closely misses you. The jackal bites you.
The jackal completely misses you.
The jackal bites you but does no damage.
The endoplasm hits you.
You tentacle-slap the jackal but do no damage.
You grab the jackal.
You pierce the jackal.
The jackal is almost dead.
You constrict the jackal.
You kill the jackal!
The jackal bites you. The bat barely misses you. The jackal bites you. x2
The bat closely misses you. The endoplasm barely misses you.
The jackal bites you.
You barely miss the jackal. You grab the jackal.
You pierce the jackal.
The jackal is heavily wounded.
You constrict the jackal. The bat hits you but does no damage.
The jackal barely misses you. x2; The bat closely misses you.
The jackal misses you. The jackal closely misses you.
The jackal barely misses you. The endoplasm closely misses you.
You tentacle-slap the jackal.
You pierce the jackal.
You kill the jackal!
The endoplasm freezes you.
You are frozen.
The bat hits you. The jackal completely misses you.
The jackal bites you but does no damage.
The jackal bites you but does no damage.
The jackal misses you. The giant cockroach bites you.
* * * LOW HITPOINT WARNING * * *
The endoplasm freezes you.
You are frozen.
* * * LOW HITPOINT WARNING * * *
There is a stone staircase leading up here.
You can't go down here!
The bat hits you but does no damage. The jackal bites you.
* * * LOW HITPOINT WARNING * * *
The jackal misses you. The bat hits you.
* * * LOW HITPOINT WARNING * * *
The giant cockroach barely misses you. The jackal barely misses you.
The jackal bites you.
You die...

#. ........ #.
........
#.##...$..
##..#...># #
#...$....##.#
#..⌠.b.⌠....#
#.##...hhB...##
....⌠.JJ@...⌠.#
.......b.....##
.####.⌠...⌠.##
##.....##
....### ######


You could see 2 endoplasms, 2 jackals, a giant cockroach and 2 bats.

Vanquished Creatures
  A gnoll (D:1)
  An adder (D:2)
  3 endoplasms
  3 giant cockroaches (D:2)
  4 goblins
  8 hobgoblins
  5 jackals
  A quokka (D:1)
  5 ball pythons
  4 bats
  3 frilled lizards
  3 kobolds
  4 rats
45 creatures vanquished.

Notes
Turn   | Place    | Note
-------+----------+-------------------------------------------
     0 | D:1      | ZARRMARR the Octopode Transmuter began the quest for the
                  | Orb.
     0 | D:1      | Reached XP level 1. HP: 13/13 MP: 3/3
   287 | D:1      | Found a faded altar of an unknown god.
   401 | D:1      | Reached XP level 2. HP: 18/18 MP: 3/5
   868 | D:1      | Reached XP level 3. HP: 20/23 MP: 3/6
  1251 | D:2      | Reached skill level 1 in Stealth
  1788 | D:2      | Reached skill level 4 in Unarmed Combat
  1848 | D:2      | Reached XP level 4. HP: 28/28 MP: 7/7
  2683 | D:3      | Slain by a jackal

Illustrated notes

Levels and vault maps discovered:
D:1:      dpeg_arrival_shelter, layout_loops_ring, basic_ecumenical_altar,
          minmay_misc_feat_hallway
D:2:      layout_basic, small_statue_intersection, hangedman_decor_opposing,
          minmay_fractal_squares_gapless_5
D:3:      layout_loops_ring, general_overflow_altar, marbit_many_paths,
          skrybe_limestone_x, grunt_ministairs_2, uniq_terence, uniq_grinder,
          uniq_ijyb

Skill      XL: |  1  2  3 |
---------------+----------+-----
Stealth        | 1 |  1.8
Unarmed Combat | 4 |  4.0
Fighting       | |  1.1
Dodging        | |  2.9
Spellcasting   | |  2.0
Transmutations | |  2.0

Action                   |  1- 3 |  4- 6 || total
-------------------------+-------+-------++-------
Melee: Unarmed           |    74 |    15 ||    89
       Constrict         |    22 |     4 ||    26
       Kick              |    16 |     3 ||    19
       Tentacles         |     8 |       ||     8
       Punch             |     1 |       ||     1
 Cast: Beastly Appendage |    23 |     7 ||    30
  Use: Scroll            |     2 |       ||     2
 Stab: Sleeping          |     6 |     4 ||    10
Armor: Skin              |     6 |     5 ||    11
Dodge: Dodged            |    42 |    29 ||    71
